 Dungeon Crawl Stone Soup version 0.27.0-1-g7a089689b8 (webtiles) character file.

Game seed: 10393506186393670712

1856 SnakkuSnakku7 the Fighter (level 9, -3/102 HPs)
             Began as an Ogre Enchanter on Aug 13, 2021.
             Slain by a wyvern zombie (10 damage)
             ... in an ossuary.
             The game lasted 00:11:29 (7924 turns).

SnakkuSnakku7 the Fighter (Ogre Enchanter)          Turns: 7924, Time: 00:11:29

Health: -3/102     AC:  4    Str: 17    XL:     9   Next: 13%
Magic:  12/12      EV:  9    Int: 16    God:
Gold:   193        SH:  0    Dex:  9    Spells: 11/12 levels left

rFire    . . .     SeeInvis .   a - +2 dagger (elec)
rCold    . . .     Faith    .   (no shield)
rNeg     . . .     Spirit   .   b - +0 robe
rPois    .         Reflect  .   (helmet restricted)
rElec    .         Harm     .   n - +0 cloak
rCorr    .         Rampage  .   (gloves unavailable)
Will     .....                  (boots unavailable)
Stlth    ++........             (no amulet)
HPRegen  0.27/turn              (no ring)
MPRegen  0.13/turn              (no ring)

@: no status effects
A: large, unfitting armour, tough skin 1
a: no special abilities


You were in an ossuary.
You visited 1 branch of the dungeon, and saw 6 of its levels.
You also visited: Ossuary.

You collected 193 gold pieces.

Inventory:

Hand Weapons
 a - a +2 dagger of electrocution (weapon)
 f - a +0 rapier
 h - a +0 quarterstaff
 k - a +1 dagger
Missiles
 w - 10 poisoned darts (quivered)
Armour
 b - a +0 robe (worn)
 n - a +0 cloak (worn)
Jewellery
 p - an amulet of regeneration
Wands
 q - a wand of flame (8)
Scrolls
 d - 4 scrolls of identify {unknown}
 e - 3 scrolls of fear {unknown}
 g - 6 scrolls of teleportation {unknown}
 i - a scroll of fog {unknown}
 j - a scroll of magic mapping {unknown}
 l - a scroll of brand weapon {unknown}
 o - a scroll of vulnerability {unknown}
 r - a scroll of amnesia {unknown}
 u - 2 scrolls of noise {unknown}
Potions
 c - a potion of attraction
 s - a potion of brilliance {unknown}
 t - a potion of might {unknown}
 v - a potion of mutation {unknown}


   Skills:
 - Level 10.5 Fighting
 - Level 0.8 Short Blades
 - Level 4.0 Throwing
 - Level 1.7 Dodging
 - Level 2.1 Stealth
 - Level 2.4 Spellcasting
 - Level 2.6 Hexes
 + Level 5.6 Evocations


You had 11 spell levels left.
You knew the following spells:

 Your Spells              Type           Power      Damage    Failure   Level
a - Corona                Hex            11%        N/A       7%          1

Your spell library contained the following spells:

 Spells                   Type           Power      Damage    Failure   Level
 Ensorcelled Hibernation  Hex/Ice        12%        N/A       17%         2
 Animate Skeleton         Necr           2%         N/A       21%         1
 Apportation              Tloc           2%         N/A       21%         1
 Summon Small Mammal      Summ           4%         N/A       21%         1
 Confusing Touch          Hex            10%        N/A       21%         3
 Tukima's Dance           Hex            10%        N/A       21%         3
 Dazzling Flash           Conj/Hex       12%        N/A       34%         3
 Gell's Gravitas          Tloc           0%         N/A       52%         3
 Teleport Other           Tloc           1%         N/A       52%         3
 Dispersal                Tloc           0%         N/A       100%        6


Dungeon Overview and Level Annotations

Branches:
Dungeon (6/15)            Ossuary (1/1)
 Temple: D:4-7

Altars:
Gozag

Shops:
D:1 ([**[

Annotations:
D:4 3 runed translucent doors, bnorton916's ghost, amateur DECj


Innate Abilities, Weirdness & Mutations

You are too large for most types of armour.
You have tough skin. (AC +1)


Message History

Aim: a bullfrog zombie (moderately damaged, 84% to hit)
The puff of flame hits the bullfrog zombie!
The bullfrog zombie is severely damaged.
The bullfrog zombie barely misses you.
Unknown command.
Aiming: Throw Flame
Press: ? - help, Shift-Dir - straight line, f/p - bullfrog zombie
Aim: a bullfrog zombie (severely damaged, 84% to hit)
The puff of flame hits the bullfrog zombie!
The bullfrog zombie is almost destroyed.
The bullfrog zombie hits you.
* * * LOW HITPOINT WARNING * * *
The bullfrog zombie closely misses you.
Aiming: Throw Flame
Press: ? - help, Shift-Dir - straight line, f/p - bullfrog zombie
Aim: a bullfrog zombie (almost destroyed, 84% to hit)
The puff of flame hits the bullfrog zombie!
You destroy the bullfrog zombie!
Unknown command.
Aiming: Throw Flame
Press: ? - help, Shift-Dir - straight line, f - wyvern zombie
Aim: a wyvern zombie (91% to hit)
The puff of flame hits the wyvern zombie.
The wyvern zombie is lightly damaged.
The wyvern zombie bites you!
* * * LOW HITPOINT WARNING * * *
Aiming: Throw Flame
Press: ? - help, Shift-Dir - straight line, f/p - wyvern zombie
Aim: a wyvern zombie (lightly damaged, 91% to hit)
The puff of flame hits the wyvern zombie.
The wyvern zombie is lightly damaged.
The wyvern zombie bites you!
* * * LOW HITPOINT WARNING * * *
Aiming: Throw Flame
Press: ? - help, Shift-Dir - straight line, f/p - wyvern zombie
Aim: a wyvern zombie (lightly damaged, 91% to hit)
The puff of flame hits the wyvern zombie!
The wyvern zombie is moderately damaged.
The wyvern zombie closely misses you. The wyvern zombie bites you!
You die...

.' .# .'
.# .+
#####.###
#∩..#.'.#
#.∩@Z.#
#...#.'.#
#####≈###
≈+ .# P#
≈# ##


You could see a wyvern zombie.

Vanquished Creatures
  Sigmund (D:4)
  2 ice beasts
  A black bear (D:4)
  A centaur (D:5)
  3 necrophages
  A phantom (D:5)
  A bullfrog (D:6)
  A water moccasin zombie (Ossuary)
  A scorpion (D:6)
  A wyvern zombie (D:4)
  A wight (D:5)
  A vampire bat (D:3)
  2 jellies
  5 bullfrog zombies
  2 orc priests
  An iguana (D:4)
  An orc wizard (D:5)
  A killer bee zombie (Ossuary)
  4 mummies (Ossuary)
  A howler monkey zombie (Ossuary)
  11 adders
  A white imp (D:5)
  3 worms
  A dart slug (D:1)
  3 fire bats (D:3)
  An orc (D:6)
  2 spectral bats (D:3)
  11 bats
  3 bat skeletons (D:3)
  A bat zombie (D:3)
  5 endoplasms
  A giant cockroach (D:4)
  4 hobgoblins
  5 jackals
  9 kobolds
  2 quokkas
  4 ball pythons
  A bat simulacrum (D:3)
  2 frilled lizards (D:1)
  5 goblins
  6 rats
113 creatures vanquished.

Vanquished Creatures (others)
  A plant (D:3)
  5 withered plants (Ossuary)
6 creatures vanquished.

Grand Total: 119 creatures vanquished

Notes
Turn   | Place    | Note
-------+----------+-------------------------------------------
     0 | D:1      | SnakkuSnakku7 the Ogre Enchanter began the quest for the
                  | Orb.
     0 | D:1      | Reached XP level 1. HP: 16/16 MP: 3/3
    41 | D:1      | Found Ymox's Armour Shop.
   128 | D:1      | Found Basyru Fiub's Weapon Shop.
   133 | D:1      | Reached skill level 1 in Fighting
   255 | D:1      | Reached skill level 2 in Fighting
   266 | D:1      | Reached XP level 2. HP: 13/28 MP: 5/5
   685 | D:1      | Found Neinics's Assorted Antiques.
   686 | D:1      | Found Cakkipsy's Assorted Antiques.
   727 | D:1      | Found Uloelam's Antique Armour Boutique.
   777 | D:1      | Reached skill level 3 in Fighting
  1140 | D:2      | Reached XP level 3. HP: 35/37 MP: 6/6
  1672 | D:2      | Reached skill level 4 in Fighting
  2510 | D:3      | Reached XP level 4. HP: 39/49 MP: 7/7
  2830 | D:3      | Reached skill level 5 in Fighting
  3389 | D:3      | Reached XP level 5. HP: 26/59 MP: 8/8
  3397 | D:3      | Reached skill level 6 in Fighting
  3690 | D:3      | Reached skill level 7 in Fighting
  3744 | D:3      | Reached XP level 6. HP: 59/71 MP: 9/9
  4207 | D:4      | Reached skill level 8 in Fighting
  4351 | D:4      | Found a runed translucent gate.
  4352 | D:4      | Found a runed translucent gate.
  4353 | D:4      | Found a runed translucent gate.
  4354 | D:4      | Found an opulent altar of Gozag.
  4354 | D:4      | Noticed bnorton916's ghost (amateur DECj)
  4354 | D:4      | Noticed a yak
  4425 | D:4      | Noticed Sigmund
  4685 | D:4      | Noticed a necrophage
  4690 | D:4      | Killed a necrophage
  4695 | D:4      | Noticed a black bear
  4700 | D:4      | Killed a black bear
  4701 | D:4      | Reached skill level 9 in Fighting
  4701 | D:4      | Reached XP level 7. HP: 68/83 MP: 10/10
  5004 | D:5      | Entered Level 5 of the Dungeon
  5156 | D:5      | Reached skill level 10 in Fighting
  5989 | D:4      | Reached skill level 1 in Evocations
  6313 | D:5      | Reached XP level 8. HP: 65/94 MP: 11/11
  7019 | D:4      | Killed Sigmund
  7409 | D:6      | Reached skill level 5 in Evocations
  7588 | D:6      | Found a sand-covered staircase.
  7616 | D:6      | Reached skill level 1 in Throwing
  7755 | Ossuary  | Entered an ossuary
  7878 | Ossuary  | Reached XP level 9. HP: 57/102 MP: 12/12
  7924 | Ossuary  | Slain by a wyvern zombie

Illustrated notes

Levels and vault maps discovered:
D:1:      minmay_arrival_five_plusses, layout_loops_corners, serial_shops,
          nicolae_shop_statue_plus, shop, nicolae_square_shop, shop,
          nicolae_shop_crystal
D:2:      layout_loops_ring, grunt_ministairs_5
D:3:      layout_rooms, serial_bayou_lagoon_a, st_stairs_3, goddamned_bats
D:4:      layout_basic, ebering_ghost_gozag, uniq_sigmund
D:5:      layout_gridville
D:6:      layout_rooms, mainiacjoe_overflow_concentric_impassable,
          enter_ossuary_1, grunt_ministairs_5, minmay_misc_feat_five,
          kennysheep_nondescript, minmay_misc_feat_four_crosses
Ossuary:  ossuary_zaba_flooded

Skill      XL: |  1  2  3  4  5  6  7  8  9 |
---------------+----------------------------+-----
Fighting       | 2 3 4 5 7 9 10 | 10.5
Evocations     | 2 5 |  5.6
Throwing       | 3 4 |  4.0
Short Blades   | |  0.8
Dodging        | |  1.7
Stealth        | |  2.1
Spellcasting   | |  2.4
Hexes          | |  2.6

Action                   |  1- 3 |  4- 6 |  7- 9 || total
-------------------------+-------+-------+-------++-------
Melee: Dagger            |    56 |   111 |   183 ||   350
       Rapier            |    27 |       |       ||    27
       Quarterstaff      |    71 |    28 |       ||    99
Throw: Dart              |       |       |     4 ||     4
 Cast: Corona            |     1 |     4 |       ||     5
Evoke: Wand              |       |       |    29 ||    29
  Use: Potion            |     3 |       |     3 ||     6
 Stab: Sleeping          |     4 |       |     1 ||     5
Armor: Robe              |    37 |   112 |    44 ||   193
Dodge: Dodged            |    70 |   119 |    91 ||   280
